 Dungeon Crawl Stone Soup version 0.21-a0-536-gdbbf329 (webtiles) character file.

497 Gerstahl the Magician (level 6, 32/32 HPs)
             Began as a Deep Elf Fire Elementalist on Dec 14, 2017.
             Quit the game on level 4 of the Dungeon on Dec 15, 2017.
             The game lasted 00:10:04 (3687 turns).

Gerstahl the Magician (Deep Elf Fire Elementalist)  Turns: 3687, Time: 00:10:05

Health: 32/32      AC:  4    Str:  7    XL:     6   Next: 93%
Magic:  17/17      EV: 13    Int: 22    God:
Gold:   161        SH:  0    Dex: 17    Spells: 5/17 levels left

rFire    . . .     SeeInvis .   (no weapon)
rCold    . . .     Gourm    .   (no shield)
rNeg     . . .     Faith    .   a - +0 robe
rPois    .         Spirit   .   (no helmet)
rElec    .         Reflect  .   (no cloak)
rCorr    .         Harm     .   (no gloves)
MR       .....     Clarity  +   f - +1 pair of boots
Stlth    +++.......             (no amulet)
HPRegen  0.10/turn              (no ring)
MPRegen  0.15/turn              (no ring)

@: no status effects
A: thin skeletal structure 1, clarity, strong 1
a: no special abilities


You were on level 4 of the Dungeon.
You were hungry.

You visited 1 branch of the dungeon, and saw 4 of its levels.

You collected 161 gold pieces.

Inventory:

Armour
 a - a +0 robe (worn)
 f - a +1 pair of boots (worn)
 m - a cursed +0 ring mail
Scrolls
 d - 2 scrolls of random uselessness {unknown}
 e - 4 scrolls of remove curse {unknown}
 g - 5 scrolls of identify {unknown}
 k - a scroll of noise {unknown}
 l - a scroll of magic mapping {unknown}
 q - 2 scrolls of amnesia {unknown}
 s - a scroll of fog {unknown}
 t - a scroll of teleportation {unknown}
Potions
 j - 2 potions of lignification {unknown}
 o - 3 potions of curing {unknown}
 r - a potion of haste {unknown}
 u - a potion of brilliance {unknown}
 v - a potion of heal wounds {unknown}
Books
 b - a book of Flames

   Spells                             Type                      Level
   a - Flame Tongue                   Conjuration/Fire             1
   b - Throw Flame                    Conjuration/Fire             2
   c - Conjure Flame                  Conjuration/Fire             3
   d - Inner Flame                    Hexes/Fire                   3
   e - Sticky Flame                   Conjuration/Fire             4
   f - Fireball                       Conjuration/Fire             5
 n - a book of Changes

   Spells                             Type                      Level
   a - Beastly Appendage              Transmutation                1
   b - Sticks to Snakes               Transmutation                2
   c - Spider Form                    Transmutation/Poison         3
   d - Ice Form                       Ice/Transmutation            4
   e - Blade Hands                    Transmutation                5
Comestibles
 c - 2 bread rations
 h - a royal jelly
 i - 3 fruits
 p - a meat ration


   Skills:
   Level 0.0 Staves
 - Level 2.4 Dodging
 - Level 2.4 Stealth
 + Level 6.3 Spellcasting
 + Level 4.6 Conjurations
 + Level 5.6 Fire Magic


You had 5 spell levels left.
You knew the following spells:

 Your Spells              Type           Power        Failure   Level  Hunger
a - Flame Tongue          Conj/Fire      ####.        1%          1    None
b - Throw Flame           Conj/Fire      ####..       1%          2    None
c - Sticky Flame          Conj/Fire      ####....     11%         4    ###....
d - Fireball              Conj/Fire      ####......   30%         5    #####..


Dungeon Overview and Level Annotations

Branches:
Dungeon (4/15)
 Temple: D:4-7

Altars:
Dithmenos
Hepliaklqana
Wu Jian


Innate Abilities, Weirdness & Mutations

You have a somewhat thin skeletal structure. (Dex +2, Stealth)
You possess an exceptional clarity of mind.
Your muscles are strong. (Str +2)


Message History

Confirm with . or Enter, or press ? or * to list all spells.
Aiming: Throw Flame
Press: ? - help, Shift-Dir - straight line, f - orc
Aim: an orc, wielding a hand axe and wearing a leather armour (resting)
The puff of flame hits the orc.
You kill the orc!
Things that are here:
a hand axe; a leather armour; an orc corpse
v - a coppery potion You now have 148 gold pieces (gained 12).
Found a glowing chain mail.
Found a whip.
There is an ornate altar of the Wu Jian Council here.
You see here a whip.
e - 4 scrolls labeled YGIEL GEISK (gained 1)
Found a stone staircase leading up.
You now have 161 gold pieces (gained 13).
Found 11 arrows.
An adder comes into view.
Are you sure you want to abandon this character and quit the game? (Confirm with "yes".)

..<.# ........ #..#
........ #####.#####
.......) #.......^.#
........ #.........#
#....... #(........#
##...... #.........#
######. #.........#
#. #?..@.....# #.
#.........##########.
####..###......#...#.
#.## ######..[....
#..# #..####. #.##
#..#.... .. ##.#....
S# ##.#.... #)....._


You could see an adder (sleeping).

Vanquished Creatures
  A sky beast (D:4)
  A centaur zombie (D:3)
  A hound (D:4)
  An iguana (D:4)
  3 orc wizards
  Jessica (D:2)
  2 worker ants (D:4)
  5 adders
  3 oozes
  3 worms
  5 dart slugs
  A leopard gecko (D:1)
  9 orcs
  2 giant cockroaches (D:3)
  6 goblins
  12 hobgoblins
  4 jackals (D:2)
  3 ball pythons
  A bat (D:3)
  3 frilled lizards
  9 kobolds
  A leopard gecko skeleton (D:4)
  4 rats
81 creatures vanquished.

Notes
Turn   | Place    | Note
-------+----------+-------------------------------------------
     0 | D:1      | Gerstahl the Deep Elf Fire Elementalist began the quest for the Orb.
     0 | D:1      | Reached XP level 1. HP: 10/10 MP: 6/6
   187 | D:1      | Reached XP level 2. HP: 15/15 MP: 5/8
   906 | D:2      | Noticed Jessica
   918 | D:2      | Reached XP level 3. HP: 14/19 MP: 2/10
  1093 | D:2      | Learned a level 2 spell: Throw Flame
  1127 | D:2      | Reached skill level 4 in Spellcasting
  1249 | D:2      | Killed Jessica
  1249 | D:2      | Reached XP level 4. HP: 19/24 MP: 8/12
  1481 | D:2      | Learned a level 4 spell: Sticky Flame
  1700 | D:3      | Found a shadowy altar of Dithmenos.
  1755 | D:2      | HP: 1/24 [orc/club (3)]
  2060 | D:3      | Reached XP level 5. HP: 23/28 MP: 8/14
  2143 | D:3      | Reached skill level 5 in Spellcasting
  2372 | D:3      | Learned a level 5 spell: Fireball
  2998 | D:4      | Noticed a sky beast
  3004 | D:4      | Reached skill level 5 in Fire Magic
  3010 | D:4      | Killed a sky beast
  3010 | D:4      | Reached XP level 6. HP: 28/32 MP: 3/16
  3014 | D:4      | Gained mutation: Your muscles are strong. (Str +2) [mutagenic meat]
  3015 | D:4      | Gained mutation: You are robust. (+10% HP) [mutagenic meat]
  3016 | D:4      | Lost mutation: You are robust. (+10% HP) [mutagenic meat]
  3017 | D:4      | Gained mutation: You possess an exceptional clarity of mind. [mutagenic meat]
  3018 | D:4      | Gained mutation: You have a somewhat thin skeletal structure. (Dex +2, Stealth) [mutagenic meat]
  3259 | D:4      | Reached skill level 6 in Spellcasting
  3425 | D:4      | Found an ornate altar of the Wu Jian Council.
  3438 | D:4      | Found a hazy altar of Hepliaklqana.
  3687 | D:4      | Quit the game

Vault maps used:
D:1:      scummos_arrival_hexagon
D:2:      minmay_pentomino_v4, uniq_jessica
D:3:      nicolae_dithmenos_through_a_glass_darkly, first_bread
D:4:      lemuel_doored_altar, nicolae_overflow_crystal_walls,
          nicolae_ru_the_path_less_chosen

Skill      XL: |  1  2  3  4  5  6 |
---------------+-------------------+-----
Conjurations   | 2 3 4 |  4.6
Spellcasting   | 4 5 6 |  6.3
Fire Magic     | 4 5 |  5.6
Dodging        | |  2.4
Stealth        | |  2.4

Action                   |  1- 3 |  4- 6 || total
-------------------------+-------+-------++-------
Melee: Unarmed           |     7 |    10 ||    17
 Cast: Flame Tongue      |    43 |    65 ||   108
       Throw Flame       |     5 |    51 ||    56
  Eat: Chunk             |     1 |     8 ||     9
       Fruit             |       |     4 ||     4
Armor: Robe              |     9 |    14 ||    23
Dodge: Dodged            |    16 |    39 ||    55

Table legend:
 A = Spawn XP
 B = Non-spawn XP
 C = Spawn XP percentage of total XP
 D = Spawn monster count
 E = Non-spawn monster count
 F = Spawn count percentage of total count
 G = Total turns spent on level
                    A         B        C        D         E        F      G
               +---------+---------+-------+---------+---------+-------+---------
         Total |       0 |     710 |   0.0 |       0 |      81 |   0.0 |  3687
               +---------+---------+-------+---------+---------+-------+---------
           D:1 |       0 |      28 |   0.0 |       0 |      12 |   0.0 |   878
           D:2 |       0 |      87 |   0.0 |       0 |      20 |   0.0 |  1121
           D:3 |       0 |     220 |   0.0 |       0 |      32 |   0.0 |   999
           D:4 |       0 |     375 |   0.0 |       0 |      17 |   0.0 |   689
               +---------+---------+-------+---------+---------+-------+---------
